 Dungeon Crawl Stone Soup version 0.27-a0-1228-gfd60fd639a (webtiles) character file.

Game seed: 2755757095120380284

11458 Shayle the Fighter (level 11, -4/120 HPs)
             Began as an Ogre Warper on June 7, 2021.
             Was a Believer of the Shining One.
             Slain by an orc warrior
             ... wielding a +0 dire flail
              (17 damage)
             ... on level 1 of the Orcish Mines.
             The game lasted 00:40:54 (20609 turns).

Shayle the Fighter (Ogre Warper)                   Turns: 20609, Time: 00:40:55

Health: -4/120     AC: -2    Str: 17    XL:     11   Next: 78%
Magic:  4/14       EV: 12    Int: 17    God:    the Shining One [**....]
Gold:   292        SH:  5    Dex: 14    Spells: 1/14 levels left

rFire    . . .     SeeInvis .   o - +0 halberd
rCold    . . .     Faith    .   (shield currently unavailable)
rNeg     + . .     Spirit   .   O - +0 acid dragon scales
rPois    .         Reflect  +   G - +1 hat
rElec    .         Harm     .   S - +0 cloak
rCorr    +         Rampage  .   (gloves unavailable)
Will     ++...                  (boots unavailable)
Stlth    +.........             l - amulet of reflection
HPRegen  0.30/turn              j - +6 ring of dexterity
MPRegen  0.14/turn              h - ring of willpower

@: corroded, glowing, studying Crossbows
A: large, unfitting armour, tough skin 1
a: Renounce Religion, Divine Shield


You were on level 1 of the Orcish Mines.
You worshipped the Shining One.
The Shining One was pleased with you.
You visited 3 branches of the dungeon, and saw 13 of its levels.

You collected 901 gold pieces.
You spent 609 gold pieces at shops.

Inventory:

Hand Weapons
 a - a +0 spear
 c - a +1 hand axe of freezing
 o - a +0 halberd (weapon)
 D - a +0 giant spiked club
 L - a +0 hunting sling of flaming
Missiles
 f - 31 poisoned darts (quivered)
 i - 27 boomerangs
 n - a curare-tipped dart
 M - 43 sling bullets
Armour
 b - a +1 robe
 s - a +0 kite shield
 G - a +1 hat (worn)
 O - +0 acid dragon scales (worn)
 P - a +0 cloak of preservation
 S - a +0 cloak (worn)
Jewellery
 d - a ring of magical power
 h - a ring of willpower (right hand)
 j - a +6 ring of dexterity (left hand)
 k - a ring of positive energy
 l - an amulet of reflection (around neck)
 v - a +6 ring of dexterity
 y - a ring of resist corrosion
 K - a +6 ring of dexterity
 R - an amulet of magic regeneration
Wands
 w - a wand of flame (19)
 z - a wand of digging (6)
 J - a wand of iceblast (10)
 Q - a wand of charming (7)
Scrolls
 m - a scroll of immolation
 u - a scroll of silence
 A - 5 scrolls of amnesia
 B - a scroll of enchant weapon
Potions
 e - 2 potions of might
 g - a potion of lignification
 p - 2 potions of mutation
 r - a potion of magic
 t - 2 potions of attraction
 x - 2 potions of cancellation
 C - 2 potions of haste
 F - a potion of brilliance
 I - 2 potions of flight {unknown}
 T - a potion of invisibility {unknown}
Miscellaneous
 E - a phantom mirror


   Skills:
 - Level 11.4 Fighting
 + Level 9.5 Polearms
 - Level 1.0 Throwing
 + Level 2.5 Armour
 - Level 8.2 Dodging
 - Level 2.4 Spellcasting
 + Level 8.2 Translocations
 + Level 2.8 Fire Magic
 + Level 3.4 Invocations


You had one spell level left.
You knew the following spells:

 Your Spells              Type           Power      Damage    Failure   Level
a - Blink                 Tloc           N/A        N/A       1%          2
b - Teleport Other        Tloc           29%        N/A       2%          3
c - Manifold Assault      Tloc           29%        N/A       24%         5
d - Inner Flame           Hex/Fire       6%         N/A       38%         3

Your spell library contained the following spells:

 Spells                   Type           Power      Damage    Failure   Level
 Corona                   Hex            2%         N/A       24%         1
 Gell's Gravitas          Tloc           14%        N/A       2%          3
 Lesser Beckoning         Tloc           14%        N/A       2%          3
 Portal Projectile        Hex/Tloc       32%        N/A       14%         3
 Slow                     Hex            2%         N/A       36%         2
 Cause Fear               Hex            1%         N/A       94%         4
 Leda's Liquefaction      Hex/Erth       1%         N/A       94%         4


Dungeon Overview and Level Annotations

Branches:
Dungeon (11/15)            Temple (1/1) D:5            Lair (0/6) D:11
    Orc (1/2) D:9

Altars:
Elyvilon
Kikubaaqudgha
Okawaru
Uskayaw
Wu Jian
Xom
The Shining One

Shops:
D:3 !   D:4 *   D:11 *   Orc:1 [:[


Innate Abilities, Weirdness & Mutations

You are too large for most types of armour.
You have tough skin. (AC +1)


Message History

You hit the rust devil.
The rust devil is lightly wounded.
The rust devil hits you.
The orc sorcerer hits you with a +0 dagger!
The orc priest invokes the aid of Beogh against you.
Beogh smites you!
You puncture the orc sorcerer!
The orc sorcerer is almost dead.
The rust devil hits you. The rust devil corrodes you!
You block the orc sorcerer's attack.
The orc priest calls down the wrath of Beogh upon you.
You resist with almost no effort.
Unknown command.
You hit the orc sorcerer.
The orc sorcerer is almost dead.
The rust devil disappears in a puff of smoke!
The orc sorcerer hits you with a +0 dagger!
The orc priest calls down the wrath of Beogh upon you.
Pain shoots through your body!
Unknown command.
You barely miss the orc sorcerer.
The orc sorcerer is almost dead.
You block the orc sorcerer's attack.
Unknown command.
You closely miss the orc sorcerer.
The orc sorcerer is almost dead.
You block the orc sorcerer's attack. The orc priest hits you with a +0 mace.
Unknown command.
You hit the orc sorcerer but do no damage.
The orc sorcerer is almost dead.
The orc sorcerer gestures at you while chanting.
The bolt of fire hits you!!
* * * LOW HITPOINT WARNING * * *
The orc warrior misses you.
Unknown command.
You barely miss the orc sorcerer.
The orc sorcerer is almost dead.
The orc sorcerer barely misses you. The orc priest barely misses you.
The orc warrior hits you with a +0 dire flail!
You die...

#.................#.......#
##.#8..##.##.....#.........
#.....##...####.........#.#
#.8>∩.8...## #....4......##
#....###.## #....4.§...##
....#.#8# ### ...##oo##.##
#.......# ##§## ###oo....#
###.#...# #§oo#§.#.o.ooo..#
## #.## #§@oo{§......o..$
## ##o##3.......∩...o
#######..#.P..$.oo
##.#........ .....##.. #..
## . .#.


You could see an orc sorcerer, 2 orc warriors, an orc priest and an orc.

Vanquished Creatures
  3 two-headed ogres
  An orc high priest (D:9)
  Joseph (D:7)
  2 komodo dragons
  3 trolls (D:9)
  A hornet (D:9)
  Sigmund (D:3)
  A wraith (D:11)
  8 yaks
  A steam dragon (D:10)
  Eustachio (D:4)
  2 acid dragons
  3 wargs (D:11)
  2 sky beasts
  2 ice beasts (D:7)
  11 orc warriors
  3 ogres
  5 centaurs
  2 phantoms
  5 kobold brigands
  2 bullfrogs
  A gnoll sergeant (D:8)
  A water moccasin zombie (D:7)
  11 killer bees
  6 wights
  7 howler monkeys
  2 centaur zombies
  A jelly (D:6)
  7 orc priests
  4 hounds
  Crazy Yiuf (D:3)
  A bullfrog skeleton (D:5)
  4 iguanas
  Terence (D:3)
  9 orc wizards
  2 hound skeletons
  Robin (D:3)
  6 adders
  9 gnolls
  A howler monkey skeleton (D:3)
  A shadow imp (D:8)
  A white imp (D:7)
  2 ufetubi
  5 worms
  5 dart slugs
  28 orcs
  8 bats
  6 endoplasms
  2 giant cockroaches
  16 hobgoblins
  18 jackals
  6 ball pythons
  2 frilled lizards
  15 goblins
  36 kobolds
  7 rats
293 creatures vanquished.

Vanquished Creatures (others)
  A fungus (D:2)
  18 plants
19 creatures vanquished.

Grand Total: 312 creatures vanquished

Notes
Turn   | Place    | Note
-------+----------+-------------------------------------------
     0 | D:1      | Shayle the Ogre Warper began the quest for the Orb.
     0 | D:1      | Reached XP level 1. HP: 22/22 MP: 3/3
    59 | D:1      | Reached skill level 3 in Fighting
   328 | D:1      | Reached XP level 2. HP: 27/31 MP: 5/5
   623 | D:1      | Reached XP level 3. HP: 35/37 MP: 6/6
  1578 | D:2      | Reached XP level 4. HP: 46/48 MP: 7/7
  1692 | D:1      | Reached skill level 4 in Fighting
  1914 | D:1      | Learned a level 2 spell: Blink
  1918 | D:1      | Learned a level 3 spell: Teleport Other
  2007 | D:2      | Found a faded altar of an unknown god.
  2640 | D:3      | Noticed Terence
  2883 | D:3      | Found Xathren's Distillery.
  2886 | D:3      | Bought a potion of curing for 30 gold pieces
  2886 | D:3      | Bought a potion of lignification for 30 gold pieces
  2886 | D:3      | Bought a potion of heal wounds for 50 gold pieces
  2902 | D:3      | Reached XP level 5. HP: 50/55 MP: 8/8
  3554 | D:3      | Killed Terence
  3956 | D:3      | Noticed Sigmund
  4010 | D:3      | Noticed Robin
  4037 | D:3      | Reached skill level 5 in Fighting
  4199 | D:4      | Reached XP level 6. HP: 40/64 MP: 9/9
  4351 | D:4      | Found Kaabasin's Assorted Antiques.
  4570 | D:4      | Noticed Eustachio
  4594 | D:4      | Killed Eustachio
  5054 | D:3      | Killed Robin
  5097 | D:3      | Reached XP level 7. HP: 74/74 MP: 10/10
  5171 | D:4      | Bought a scroll labelled SUACETSYMU for 22 gold pieces
  5171 | D:4      | Bought a scroll labelled YWNIMEY DOFFA for 22 gold pieces
  5171 | D:4      | Bought a scroll labelled ARYNUC QOCO for 22 gold pieces
  5825 | D:3      | Learned a level 5 spell: Manifold Assault
  5871 | D:3      | Found a runed translucent door.
  5872 | D:3      | Noticed Crazy Yiuf
  5899 | D:3      | Killed Sigmund
  5900 | D:3      | Reached skill level 6 in Fighting
  6320 | D:5      | Entered Level 5 of the Dungeon
  6381 | D:5      | Reached skill level 5 in Polearms
  6553 | D:5      | Found a staircase to the Ecumenical Temple.
  6569 | Temple   | Entered the Ecumenical Temple
  6574 | Temple   | Became a worshipper of the Shining One
  6716 | D:5      | Reached XP level 8. HP: 79/84 MP: 11/11
  7377 | D:6      | Reached skill level 7 in Fighting
  7377 | D:6      | Reached skill level 5 in Dodging
  8543 | D:7      | Noticed Joseph
  8632 | D:8      | Reached skill level 8 in Fighting
  8683 | D:8      | Reached XP level 9. HP: 30/96 MP: 12/12
  8912 | D:8      | Reached * piety under the Shining One
  9327 | D:8      | Noticed a two-headed ogre
  9338 | D:8      | Reached skill level 5 in Translocations
  9366 | D:8      | Killed a two-headed ogre
  9367 | D:8      | Reached skill level 9 in Fighting
 10717 | D:7      | Reached XP level 10. HP: 74/110 MP: 3/13
 10901 | D:7      | Killed Joseph
 10902 | D:7      | Reached skill level 10 in Fighting
 11491 | D:7      | Found an ornate altar of the Wu Jian Council.
 11493 | D:7      | Found an iron altar of Okawaru.
 12618 | D:9      | Paralysed by a hornet for 1 turns
 12625 | D:9      | Paralysed by a hornet for 2 turns
 12969 | D:9      | Reached ** piety under the Shining One
 13154 | D:9      | Noticed a two-headed ogre
 13177 | D:9      | Killed a two-headed ogre
 13178 | D:9      | Reached skill level 11 in Fighting
 13327 | D:9      | Found a staircase to the Orcish Mines.
 13342 | Orc:1    | Entered Level 1 of the Orcish Mines
 13342 | Orc:1    | Found Xeluxzic's Book Emporium.
 13745 | D:9      | Reached XP level 11. HP: 106/117 MP: 14/14
 14114 | D:10     | Entered Level 10 of the Dungeon
 14349 | D:3      | Killed Crazy Yiuf
 14773 | D:10     | Noticed a two-headed ogre
 15020 | D:9      | Learned a level 3 spell: Inner Flame
 16236 | D:10     | Reached skill level 1 in Invocations
 16377 | D:11     | Reached skill level 1 in Fire Magic
 16411 | D:11     | Reached skill level 1 in Armour
 16536 | D:11     | Found a staircase to the Lair.
 17109 | D:10     | Killed a two-headed ogre
 17630 | D:11     | Found Piuzeer's Assorted Antiques.
 17633 | D:11     | Bought a scroll labelled OHUWAI FYLOJYSE for 32 gold pieces
 17633 | D:11     | Bought a silvery potion for 28 gold pieces
 17633 | D:11     | Bought a sedimented brown potion for 28 gold pieces
 17781 | D:11     | Noticed a four-headed hydra
 17781 | D:11     | Noticed a manticore
 19758 | Orc:1    | Found Foagenir's Antique Armour Emporium.
 19767 | Orc:1    | Bought an embroidered hat for 210 gold pieces
 19767 | Orc:1    | Bought a cloak for 135 gold pieces
 19836 | Orc:1    | Noticed an orc high priest
 19844 | Orc:1    | Noticed a sun demon
 19885 | Orc:1    | Noticed a sun demon
 20318 | D:9      | Killed an orc high priest
 20572 | Orc:1    | Found Kaitur's Antique Armour Boutique.
 20574 | Orc:1    | Noticed an orc sorcerer
 20588 | Orc:1    | Noticed a soul eater
 20609 | Orc:1    | Slain by an orc warrior

Illustrated notes

Levels and vault maps discovered:
D:1:      psy_arrival_terrarium, layout_loops_ring,
          chequers_serial_rivers_micro_a
D:2:      layout_loops_ring, serial_forest, infiniplex_forest_end_1,
          infiniplex_forest_lined_3, infiniplex_forest_clump_medium,
          infiniplex_forest_clump_tiny, infiniplex_forest_diagonal,
          infiniplex_forest_side_room, infiniplex_forest_clump_long,
          shapermc_ecumenical_altar_hornbeckon, minivault_14, eino_tiny_chamber,
          amcnicky_mini_rare_corridor_liquid, minmay_three_crescents
D:3:      layout_loops_ring, serial_shops, nicolae_shop_behind_doors,
          uniq_robin, uniq_terence, uniq_crazy_yiuf_cottage, uniq_sigmund
D:4:      layout_loops_cross, serial_shops, shop, hangedman_decor_push,
          uniq_eustachio
D:5:      layout_basic, minmay_temple_entry_crystal_x
D:6:      layout_basic, mrwooster_statue_mirror, minmay_unpleasant_kobolds
D:7:      wad_crossroads, layout_loops_ring,
          chequers_temple_overflow_statue_of_worship, uniq_joseph
D:8:      layout_loops_corners
D:9:      layout_gridville, orc_0_dummy, roderic_lattice_a
D:10:     layout_big_octagon
D:11:     layout_stronghold, erik_lair_orcish_takeover, serial_shops, shop,
          serial_column_ruins, column_ruins_hut, column_ruins_hut,
          column_ruins_open_tiny, column_ruins_columns_corner,
          column_ruins_open_tiny, column_ruins_columns_corner,
          column_ruins_columns_corner, column_ruins_columns_corner
Temple:   regret_index_temple_chain_breaker
Orc:1:    layout_caves, serial_shops, nicolae_shop_statue_plus,
          nicolae_shop_overgrown_old_shop, shop, kennysheep_orc_chapel

Skill      XL: |  1  2  3  4  5  6  7  8  9 10 11 |
---------------+----------------------------------+-----
Fighting       | 3 4 5 6 8 9 11 | 11.4
Polearms       | 3 4 5 6 7 8 9 |  9.5
Dodging        | 3 4 5 7 8 |  8.2
Translocations | 3 4 6 7 8 |  8.2
Invocations    | 3 |  3.4
Fire Magic     | 2 |  2.8
Armour         | 2 |  2.5
Throwing       | |  1.0
Spellcasting   | |  2.4

Action                   |  1- 3 |  4- 6 |  7- 9 | 10-12 || total
-------------------------+-------+-------+-------+-------++-------
Melee: Spear             |    30 |       |       |       ||    30
       Hand axe          |    86 |   115 |       |       ||   201
       Halberd           |       |   123 |   275 |   419 ||   817
       Giant spiked club |       |       |       |    56 ||    56
 Fire: Hunting sling     |       |       |       |     5 ||     5
Throw: Boomerang         |       |     3 |    11 |     7 ||    21
       Dart              |       |       |    12 |    21 ||    33
 Cast: Blink             |       |     2 |     3 |    13 ||    18
       Manifold Assault  |       |       |     1 |    12 ||    13
       Teleport Other    |       |       |     1 |       ||     1
Invok: Divine Shield     |       |       |       |     1 ||     1
Evoke: Wand              |       |       |       |     3 ||     3
  Use: Scroll            |       |     7 |    11 |     7 ||    25
       Potion            |       |     4 |     2 |     7 ||    13
 Stab: Sleeping          |       |     2 |       |       ||     2
       Distracted        |       |     1 |     1 |       ||     2
Armor: Robe              |    28 |    61 |    61 |    23 ||   173
       Skin              |       |    14 |       |    31 ||    45
       Acid dragon scale |       |       |       |    86 ||    86
Dodge: Dodged            |    69 |   164 |   156 |   316 ||   705
Block: Other             |       |     6 |    73 |   131 ||   210
       Reflection        |       |       |     2 |     4 ||     6

Table legend: (Time is in decaauts)
 A = Elapsed time spent in this place.
 B = Non-inter-level travel time spent in this place.
 C = Inter-level travel time spent in this place.
 D = Time resting spent in this place.
 E = Time spent auto-exploring this place.
 F = Levels seen in this place.
 G = Mean time per level.
                   A        B        C        D        E       F      G
               +--------+--------+--------+--------+--------+-----+--------+
         Total |  20883 |  19998 |    885 |   7479 |   8760 |  13 | 1606.4 |
       Dungeon |  20390 |  19505 |    885 |   7412 |   8587 |  11 | 1853.6 |
        Temple |     10 |     10 |      0 |      0 |      0 |   1 |   10.0 |
  Orcish Mines |    482 |    482 |      0 |     67 |    173 |   1 |  482.0 |
               +--------+--------+--------+--------+--------+-----+--------+

Top non-repeatable levels by time:
     D:9: 4879 daAuts
     D:8: 2868 daAuts
     D:3: 1986 daAuts
     D:7: 1795 daAuts
     D:2: 1673 daAuts
     D:4: 1549 daAuts
     D:1: 1481 daAuts
    D:11: 1184 daAuts
     D:6: 1129 daAuts
     D:5: 1058 daAuts
    D:10: 783 daAuts
   Orc:1: 482 daAuts
  Temple: 10 daAuts
